 Dungeon Crawl Stone Soup version 0.30.1-3-gfc49f6343a (webtiles) character file.

Game seed: 12118673195647151364

291 monsoonserge the Chopper (level 6, -1/55 HPs)
             Began as a Minotaur Berserker on Aug 8, 2023.
             Was a Priest of Trog.
             Slain by a gnoll
             ... wielding a +0 whip of electrocution
              (17 damage)
             ... on level 3 of the Dungeon.
             The game lasted 00:06:57 (2267 turns).

monsoonserge the Chopper (Minotaur Berserker)       Turns: 2267, Time: 00:06:57

Health: -1/55      AC: 11    Str: 23    XL:     6   Next: 10%
Magic:  5/5        EV:  9    Int:  4    God:    Trog [***...]
Gold:   164        SH:  0    Dex: 10    Spells: 5/5 levels left

rFire   . . .        t - +2 quarterstaff (chaos)
rCold   . . .        (shield currently unavailable)
rNeg    . . .        r - +0 chain mail
rPois   .            (helmet restricted)
rElec   .            u - +0 cloak
rCorr   .            j - +0 pair of gloves
SInv    +            (no boots)
Will    .....        B - amulet of regeneration Stlth
                     z - ring of see invisible
HPRegen 1.09/turn    (no ring)
MPRegen 0.09/turn

%: no passive effects
@: no status effects
A: horns 2, retaliatory headbutt
a: Renounce Religion, Berserk, Trog's Hand


You were on level 3 of the Dungeon.
You worshipped Trog.
Trog was most pleased with you.
You visited 1 branch of the dungeon, and saw 4 of its levels.

You collected 164 gold pieces.

Inventory:

Hand Weapons
 a - a +0 hand axe
 t - a +2 quarterstaff of chaos (weapon)
 y - a +1 spectral club
Missiles
 c - 4 boomerangs (quivered)
 f - 3 javelins
Armour
 j - a +0 pair of gloves (worn)
 r - a +0 chain mail (worn)
 u - a +0 cloak (worn)
Jewellery
 b - a +6 ring of intelligence
 i - a +6 ring of intelligence
 z - a ring of see invisible (left hand)
 B - an amulet of regeneration (around neck)
Wands
 x - a wand of mindburst (12)
Scrolls
 e - 4 scrolls of torment {unknown}
 g - a scroll of fear {unknown}
 h - a scroll of brand weapon {unknown}
 k - 3 scrolls of amnesia {unknown}
 l - 6 scrolls of identify {unknown}
 n - a scroll of magic mapping {unknown}
 s - a scroll of fog {unknown}
 w - a scroll of immolation {unknown}
 A - a scroll of acquirement {unknown}
Potions
 d - a potion of resistance {unknown}
 m - 2 potions of mutation {unknown}
 o - a potion of degeneration {unknown}
 p - 2 potions of magic {unknown}
 q - a potion of curing {unknown}
 v - a potion of berserk rage {unknown}
 C - a potion of cancellation {unknown}


   Skills:
 + Level 4.9 Fighting
 - Level 5.1 Axes
 + Level 3.1 Staves
 + Level 0.1 Throwing
 + Level 4.1 Armour
 + Level 2.8 Dodging
 + Level 0.9 Stealth


You had 5 spell levels left.
You didn't know any spells.
Your spell library was empty.

Dungeon Overview and Level Annotations

Branches:
Dungeon (4/15)
 Temple: D:4-7

Altars:

Shops:
D:1 =   D:2 !   D:3 [


Innate Abilities, Weirdness & Mutations

You have a pair of horns on your head.
You reflexively headbutt those who attack you in melee.


Message History

You are frozen.
The gnoll hits you with a +0 flail.
The gnoll hits you with a +0 whip of electrocution.
You barely miss the gnoll. You headbutt the gnoll.
The gnoll is moderately wounded.
The endoplasm barely misses you. The gnoll hits you with a +0 flail.
The gnoll barely misses you.
You barely miss the gnoll.
The gnoll is moderately wounded.
The endoplasm freezes you.
You are frozen.
The gnoll barely misses you. You furiously retaliate!
You headbutt the gnoll, but do no damage.
The gnoll closely misses you. The endoplasm freezes you.
You are frozen.
The gnoll hits you with a +0 flail. The gnoll closely misses you.
You hit the gnoll but do no damage.
The gnoll is moderately wounded.
The endoplasm hits you but does no damage.
The gnoll barely misses you.
The gnoll hits you with a +0 whip of electrocution.
You barely miss the gnoll.
The gnoll is moderately wounded.
The endoplasm closely misses you. The gnoll barely misses you.
The gnoll hits you but does no damage.
You barely miss the gnoll. You headbutt the gnoll.
The gnoll is moderately wounded.
The endoplasm hits you but does no damage.
The gnoll hits you but does no damage.
The gnoll hits you with a +0 whip of electrocution.
You hit the gnoll.
The gnoll is poisoned.
The gnoll is heavily wounded.
The endoplasm barely misses you. You furiously retaliate!
You headbutt the endoplasm.
You kill the endoplasm!
Trog accepts your kill. The gnoll hits you with a +0 flail.
The gnoll hits you with a +0 whip of electrocution.
* * * LOW HITPOINT WARNING * * *
You are electrocuted!
You die...

##.#.#..)#)##...#.......#.....#.#
...#.#...))..........##.#######.#
####.#...#)###.......##.# #..
#.#...#.# ####..##...## ###
#.#...#.######..#..[..#
#.......##............#
######.#####............#####
#.......##....g#g......##...####
#.####.###.#..#@#..##.......<...
##.######.......#)..####...##.###
..........##........# ##.._#.#
##.#......###.......# ####..#
#.#.####.# ##....### ######
#.#)####.####.####
#......#.##...##
####.##...##....# .#
#....#.....#.##


You could see 2 gnolls.

Vanquished Creatures
  An orc priest (D:3)
  Crazy Yiuf (D:2)
  Ijyb (D:2)
  2 orc wizards (D:3)
  4 adders
  2 gnolls (D:3)
  4 worms
  A dart slug (D:1)
  5 orcs (D:3)
  8 endoplasms
  8 giant cockroaches
  14 goblins
  6 hobgoblins
  6 kobolds
  4 quokkas
  3 ball pythons
  4 bats
  4 frilled lizards
  6 rats
84 creatures vanquished.

Notes
Turn   | Place    | Note
-------+----------+-------------------------------------------
     0 | D:1      | monsoonserge the Minotaur Berserker began the quest for the
                  | Orb.
     0 | D:1      | Reached XP level 1. HP: 19/19 MP: 0/0
   112 | D:1      | Reached XP level 2. HP: 27/27 MP: 1/1
   225 | D:1      | Reached skill level 4 in Axes
   502 | D:1      | Found Qyedgh Anua's Jewellery Emporium.
   556 | D:1      | Reached ** piety under Trog
   584 | D:1      | Reached XP level 3. HP: 33/33 MP: 2/2
   855 | D:2      | Found a runed translucent door.
   856 | D:2      | Noticed Crazy Yiuf
   921 | D:2      | Killed Crazy Yiuf
   922 | D:2      | Reached XP level 4. HP: 13/41 MP: 3/3
  1131 | D:2      | Reached skill level 5 in Axes
  1288 | D:2      | Found a transporter.
  1292 | D:2      | Found Jonammor's Distillery.
  1318 | D:2      | Noticed Ijyb
  1334 | D:2      | Killed Ijyb
  1335 | D:2      | Reached skill level 1 in Staves
  1398 | D:2      | Found a transporter.
  1621 | D:3      | Found Urethri's Antique Armour Emporium.
  1635 | D:3      | Reached XP level 5. HP: 39/47 MP: 4/4
  1794 | D:3      | Reached *** piety under Trog
  1842 | D:3      | Found a faded altar of an unknown god.
  1988 | D:3      | Reached XP level 6. HP: 55/55 MP: 5/5
  2267 | D:3      | Slain by a gnoll

Illustrated notes

Levels and vault maps discovered:
D:1:      spicycebolla_arrival_xxxplode, layout_loops_ring, serial_shops,
          nicolae_shop_peninsula, serial_bayou_pond_b, st_stairs_8,
          minmay_heptomino_o4
D:2:      kennysheep_the_goblin_king, layout_basic, serial_shops,
          nicolae_shop_drivethru, uniq_crazy_yiuf_cottage
D:3:      layout_loops_cross, ebering_ecumenical_altar_rust, serial_shops,
          nicolae_shop_tiny_waterfront, st_stairs_14, minmay_misc_feat_five,
          minmay_misc_feat_alley
D:4:      layout_basic, minitemple, minmay_temple_entry_hall

Skill      XL: |  1  2  3  4  5  6 |
---------------+-------------------+-----
Fighting       | 4 |  4.9
Axes           | 4 5 |  5.1
Armour         | 3 4 |  4.1
Staves         | 1 2 3 |  3.1
Throwing       | |  0.1
Dodging        | |  2.8
Stealth        | |  0.9

Action                     |  1- 3 |  4- 6 || total
---------------------------+-------+-------++-------
  Melee: Hand axe          |    70 |       ||    70
         Headbutt          |     6 |    13 ||    19
         Punch             |     1 |       ||     1
         Quarterstaff      |       |    96 ||    96
  Throw: Boomerang         |     2 |       ||     2
 Invoke: Berserk           |       |     1 ||     1
 Armour: Scale mail        |    25 |       ||    25
         Chain mail        |     1 |    66 ||    67
  Dodge: Dodged            |    48 |    58 ||   106
